 Dungeon Crawl Stone Soup version 0.27-a0-421-g7ddf969dea (webtiles) character file.

Game seed: 17867336121034794738

156 Anon1729 the Skirmisher (level 5, 0/42 HPs)
             Began as a Demonspawn Monk on Feb 26, 2021.
             Succumbed to Ijyb's poison
             ... on level 3 of the Dungeon.
             The game lasted 00:06:10 (2929 turns).

Anon1729 the Skirmisher (Demonspawn Monk)           Turns: 2929, Time: 00:06:11

Health: 0/42       AC: 13    Str: 10 (11) XL:     5   Next: 15%
Magic:  5/5        EV: 13    Int: 12      God:
Gold:   90         SH:  0    Dex: 15 (16) Spells: 4/4 levels left

rFire    + . .     SeeInvis .   c - +1 dagger (venom)
rCold    . . .     Faith    .   (no shield)
rNeg     . . .     Spirit   .   b - +0 robe
rPois    .         Reflect  .   j - +1 helmet
rElec    .         Harm     .   (no cloak)
rCorr    .         Rampage  .   (no gloves)
Will     .....                  (no boots)
Stlth    ++........             (no amulet)
HPRegen  0.14/turn              d - ring of protection from fire
MPRegen  0.09/turn              (no ring)

@: lethally poisoned (0 -> -28), sanguine armour, attractive, hasted, very quick
A: powered by death 1, sanguine armour 2, demonic magic 1
a: no special abilities


You were on level 3 of the Dungeon.
You visited 1 branch of the dungeon, and saw 3 of its levels.

You collected 90 gold pieces.

Inventory:

Hand Weapons
 a - a +0 short sword
 c - a +1 dagger of venom (weapon)
 i - a +0 dagger
Armour
 b - a +0 robe (worn)
 j - a +1 helmet (worn)
Jewellery
 d - a ring of protection from fire (left hand)
Scrolls
 e - 2 scrolls of enchant armour
 f - a scroll of identify {unknown}
 g - a scroll of amnesia {unknown}
 l - a scroll of teleportation {unknown}
 n - 2 scrolls of blinking {unknown}


   Skills:
 + Level 4.0 Fighting
 + Level 3.5 Short Blades
 + Level 3.4 Dodging
 + Level 2.9 Stealth


You had 4 spell levels left.
You didn't know any spells.
Your spell library was empty.

Dungeon Overview and Level Annotations

Branches:
Dungeon (3/15)

Altars:
Qazlal

Annotations:
D:2 exclusion: adder
D:3 Sigmund


Innate Abilities, Weirdness & Mutations

You regenerate a little health from kills.
When seriously injured, your bleeding wounds create thick armour. (AC +9)
Spells you cast may paralyse adjacent enemies.


Message History

You feel sick. Ijyb hits you but does no damage.
You are more poisoned.
You barely miss Ijyb.
Ijyb is almost dead.
* * * LOW HITPOINT WARNING * * *
You feel sick. Ijyb hits you but does no damage.
You are more poisoned.
You barely miss Ijyb.
Ijyb is almost dead.
* * * LOW HITPOINT WARNING * * *
You feel sick.
You barely miss Ijyb.
Ijyb is almost dead.
* * * LOW HITPOINT WARNING * * *
You feel sick. Ijyb closely misses you.
You hit Ijyb.
You kill Ijyb!
* * * LOW HITPOINT WARNING * * *
You feel sick.
You feel your intelligence returning.
Your Fighting skill increases to level 4!
You have reached level 5!
Your demonic ancestry asserts itself...
You feel your blood thicken.
* * * LOW HITPOINT WARNING * * *
You feel sick.
Things that are here:
a +1 dagger of venom; a +0 leather armour; a potion of degeneration Unknown command.
Unknown command.
Okay, then.
Your +1 dagger of venom begins to drip with poison!
c - a +1 dagger of venom (weapon)
* * * LOW HITPOINT WARNING * * *
You feel sick.
Unknown command.
As you read the scroll labelled ONAIBE SOMURYI, it crumbles to dust.
It is a scroll of enchant armour.
Your +0 helmet glows green for a moment.
You die...

#######################
............)...@...[.#
####################.##
#...#..#.# #.#.#..#.#
#.#g#..#.# #.#.#..#.#
#.#.#..#.# #(#.#..#.#
#(#..g<#.#


There were no monsters in sight!

Vanquished Creatures
  A centaur (D:2)
  Ijyb (D:3)
  An ooze (D:2)
  2 worms (D:2)
  2 ball pythons
  3 giant cockroaches
  10 goblins
  5 hobgoblins
  9 jackals
  2 quokkas
  A frilled lizard (D:1)
  4 kobolds
  3 rats
44 creatures vanquished.

Notes
Turn   | Place    | Note
-------+----------+-------------------------------------------
     0 | D:1      | Anon1729 the Demonspawn Monk began the quest for the Orb.
     0 | D:1      | Reached XP level 1. HP: 18/18 MP: 1/1
   370 | D:1      | Gained mutation: Spells you cast may paralyse adjacent
                  | enemies. [demonic ancestry]
   370 | D:1      | Reached XP level 2. HP: 9/24 MP: 2/2
   786 | D:2      | Noticed a centaur
   803 | D:2      | Killed a centaur
   804 | D:2      | Gained mutation: When seriously injured, your bleeding
                  | wounds create armour. (AC +9) [demonic ancestry]
   804 | D:2      | Reached XP level 3. HP: 23/30 MP: 3/3
   804 | D:2      | Gained mutation: You regenerate a little health from kills.
                  | [demonic ancestry]
   804 | D:2      | Reached XP level 4. HP: 28/37 MP: 4/4
  2345 | D:3      | Noticed Ijyb
  2622 | D:3      | Found a stormy altar of Qazlal.
  2624 | D:3      | Noticed Sigmund
  2926 | D:3      | Killed Ijyb
  2927 | D:3      | Reached skill level 4 in Fighting
  2927 | D:3      | Gained mutation: When seriously injured, your bleeding
                  | wounds create thick armour. (AC +9) [demonic ancestry]
  2927 | D:3      | Reached XP level 5. HP: 4/42 MP: 5/5
  2928 | D:3      | HP: 2/42 [poisoned by Ijyb]
  2929 | D:3      | Succumbed to Ijyb's poison

Illustrated notes

Levels and vault maps discovered:
D:1:      psy_arrival_whirlpool, layout_rooms, minmay_cut_off
D:2:      layout_rooms, minmay_bisected
D:3:      layout_basic, grunt_qazlal_sundering, uniq_ijyb, uniq_sigmund

Skill      XL: |  1  2  3  4 |
---------------+-------------+-----
Short Blades   | 3 |  3.5
Dodging        | 3 |  3.4
Stealth        | 2 |  2.9
Fighting       | 4 |  4.0

Action                   |  1- 3 |  4- 6 || total
-------------------------+-------+-------++-------
Melee: Short sword       |    57 |   173 ||   230
Throw: Dart              |       |    17 ||    17
  Use: Potion            |     2 |     4 ||     6
       Scroll            |       |     1 ||     1
 Stab: Sleeping          |       |     4 ||     4
Armor: Robe              |    11 |    31 ||    42
       Skin              |    11 |       ||    11
Dodge: Dodged            |    27 |   100 ||   127

Table legend: (Time is in decaauts)
 A = Elapsed time spent in this place.
 B = Non-inter-level travel time spent in this place.
 C = Inter-level travel time spent in this place.
 D = Time resting spent in this place.
 E = Time spent auto-exploring this place.
 F = Levels seen in this place.
 G = Mean time per level.
                   A        B        C        D        E       F      G
               +--------+--------+--------+--------+--------+-----+--------+
         Total |   2914 |   2849 |     65 |   1006 |   1189 |   3 |  971.3 |
       Dungeon |   2914 |   2849 |     65 |   1006 |   1189 |   3 |  971.3 |
               +--------+--------+--------+--------+--------+-----+--------+

Top non-repeatable levels by time:
     D:2: 1402 daAuts
     D:1: 1174 daAuts
     D:3: 337 daAuts
